 Dungeon Crawl Stone Soup version 0.27.0-1-g7a089689b8 (webtiles) character file.

Game seed: 16385242490250823071

78066 robertstho the Eclecticist (level 16, 0/113 HPs)
             Began as a Djinni Fire Elementalist on Aug 10, 2021.
             Was an Initiate of Gozag.
             Shot with a bolt by an orc knight (22 damage)
             ... on level 2 of the Orcish Mines.
             The game lasted 00:53:02 (35479 turns).

robertstho the Eclecticist (DjFE)                  Turns: 35479, Time: 00:53:02

Health: 0/113      AC:  8    Str:  7    XL:     16   Next: 7%
Gold:   2117       EV: 18    Int: 24    God:    Gozag SH:  5 Dex: 14

rFire    + + .     SeeInvis .   M - +2 demon blade (elec)
rCold    x . .     Faith    .   (no shield)
rNeg     . . .     Spirit   .   n - +2 robe {Archmagi}
rPois    ∞         Reflect  +   (no helmet)
rElec    .         Harm     .   R - +2 cloak
rCorr    +         Rampage  .   I - +0 pair of gloves
Will     +....     Archmagi +   (boots unavailable)
Stlth    +++.......             t - amulet of reflection
HPRegen  0.28/turn              D - ring "Xyatul" {rCorr EV+4}
MPRegen  0.00/turn              y - ring of wizardry

@: flying, bribing [the Orcish Mines]
A: sickness immunity, fire resistance 2, cold vulnerability 1, float, innate
caster, hp casting, extra vitality 1
a: Renounce Religion, Potion Petition, Call Merchant, Bribe Branch


You were on level 2 of the Orcish Mines.
You worshipped Gozag.
Gozag was most pleased with you.
You visited 4 branches of the dungeon, and saw 23 of its levels.

You collected 6312 gold pieces.
You spent 618 gold pieces at shops.
You paid 3577 gold pieces to Gozag.

Inventory:

Hand Weapons
 m - a +0 scimitar of flaming
 x - a +0 vampiric long sword
 M - a +2 demon blade of electrocution (weapon)
Missiles
 F - 5 throwing nets
Armour
 n - a +2 robe of the Archmagi (worn)
 I - a +0 pair of gloves (worn)
 R - a +2 cloak (worn)
Jewellery
 c - the ring of Kefeli {Will+ Str+6 Int+4}
   (You took it off a spriggan on level 6 of the Lair of Beasts)

   [ring of strength]

   Str:       It affects your strength (+6).
   Int:       It affects your intelligence (+4).
   Will:      It increases your willpower.
 t - an amulet of reflection (around neck)
 y - a ring of wizardry (right hand)
 D - the ring "Xyatul" (left hand) {rCorr EV+4}
   (You bought it in a shop on level 4 of the Dungeon)

   [ring of evasion]

   EV:        It affects your evasion (+4).
   rCorr:     It protects you from acid and corrosion.
 L - a ring of protection from fire
 N - a ring of positive energy
 S - a ring of resist corrosion
 T - a ring of fire
 Z - a +4 ring of evasion
Wands
 e - a wand of digging (26)
 u - a wand of paralysis (2)
 B - a wand of acid (22)
 V - a wand of iceblast (12)
Scrolls
 b - 4 scrolls of vulnerability
 d - 2 scrolls of enchant weapon
 f - 5 scrolls of teleportation
 g - 2 scrolls of immolation
 h - 2 scrolls of holy word
 i - 3 scrolls of blinking
 j - a scroll of summoning
 k - 3 scrolls of fog
 l - 3 scrolls of enchant armour
 r - a scroll of identify
 s - 2 scrolls of silence
 P - 2 scrolls of magic mapping {unknown}
Potions
 a - 2 potions of attraction {unknown}
 o - 2 potions of flight {unknown}
 p - 5 potions of heal wounds {unknown}
 q - 3 potions of invisibility {unknown}
 v - 3 potions of haste {unknown}
 w - a potion of resistance {unknown}
 A - 3 potions of brilliance {unknown}
 C - a potion of mutation {unknown}
 E - 3 potions of degeneration {unknown}
 G - 2 potions of ambrosia {unknown}
 H - 4 potions of lignification
 K - a potion of curing
 Q - 2 potions of magic {unknown}
 X - 4 potions of cancellation {unknown}
Miscellaneous
 O - a phantom mirror
 W - a lightning rod (4/4)
 Y - a condenser vane


   Skills:
 * Level 10.1 Fighting
 + Level 3.7 Long Blades
 + Level 4.9 Dodging
 + Level 5.0 Stealth
 + Level 2.5 Shields
 * Level 17.6 Spellcasting
 + Level 1.0 Evocations


You had 10 spell levels left.
You knew the following spells:

 Your Spells              Type           Power      Damage    Failure   Level
a - Foxfire               Conj/Fire      100%       2x1d9     0%          1
b - Conjure Flame         Conj/Fire      100%       6-21      0%          3
c - Inner Flame           Hex/Fire       100%       N/A       0%          3
d - Sticky Flame          Conj/Fire      100%       2d11      0%          4
e - Fireball              Conj/Fire      51%        3d20      1%          5
f - Shock                 Conj/Air       100%       1d9       0%          1
g - Ensorcelled Hibernat  Hex/Ice        100%       N/A       0%          2
h - Portal Projectile     Hex/Tloc       100%       N/A       0%          3
i - Stone Arrow           Conj/Erth      100%       3d13      0%          3
j - Cause Fear            Hex            51%        N/A       0%          4
k - Lee's Rapid Deconstr  Erth           51%        3d25*     1%          5
l - Death Channel         Necr           51%        N/A       1%          6
Your spell library was empty.

Dungeon Overview and Level Annotations

Branches:
Dungeon (14/15)            Temple (1/1) D:6            Lair (6/6) D:10
  Swamp (0/4) Lair:2        Snake (0/4) Lair:3        Slime (0/5) Lair:6
    Orc (2/2) D:10            Elf (0/3) Orc:2
 Vaults: D:13-14

Altars:
Ashenzari
Cheibriados
Dithmenos
Gozag
Kikubaaqudgha
Makhleb
Nemelex Xobeh
Okawaru
Qazlal
Ru
Sif Muna
Vehumet
Xom
Zin
The Shining One
Jiyva
Lugonu

Shops:
D:4 =   D:8 *   D:11 :   D:12 ?

Portals:
Abyss: Lair:6

Annotations:
D:4 Jewelry shop, 1 runed translucent door, Crazy Yiuf
Lair:3 2 transporters, Mrcawl's ghost, journeyman MfGl


Innate Abilities, Weirdness & Mutations

You are immune to sickness and miasma.
You are immune to poison.
Your flesh is very heat resistant. (rF++)
You are vulnerable to cold. (rC-)
You float through the air rather than walking.
You learn spells naturally, not from books.
Your magical power is your life essence.
You have superior vitality. (+4 HP)


Message History

The fireball engulfs the orc knight!
The orc knight is moderately wounded.
The orc knight unwields a +0 battleaxe.
The orc knight wields a +0 arbalest.
The orc knight shoots a bolt.
The bolt hits you!!
* * * LOW HITPOINT WARNING * * *
Casting: Fireball (safe; 1% risk of failure)
Confirm with . or Enter, or press ? or * to list all spells.
Aiming: Fireball (safe; 1% risk of failure)
Press: ? - help, Shift-Dir - straight line You feel a surge of power!
The fireball explodes!
The fireball engulfs the orc knight!!
The orc knight is heavily wounded.
* * * LOW HITPOINT WARNING * * *
An orc comes into view. It is wielding a +0 dagger.
The orc knight shoots a bolt.
The bolt hits you!!
* * * LOW HITPOINT WARNING * * *
Unknown command.
You feel better.
Okay, then.
Okay, then.
Do you want to bribe the denizens of the Orcish Mines?
Okay, then.
Do you want to bribe the denizens of the Orcish Mines?
You no longer have enough gold to bribe branches to halt enemies' attacks and recruit allies.
Gozag spreads your bribe to the Orcish Mines!
Unknown command.
(D) Dungeon (T) Temple (L) Lair (S) Swamp (P) Snake Pit (M) Slime Pits (O) Orcish Mines (E) Elven Halls
Where to? (Enter - Orc:1, ? - help)
An orc knight is nearby!
You feel better.
The orc knight shoots a bolt.
The bolt barely misses you.
You hear a shout!
Unknown command.
You feel better.
The orc knight shoots a bolt.
You reflect the bolt off an invisible shield around you!
The bolt hits the orc knight!!
Unknown command.
The orc knight shoots a bolt.
The bolt hits you!!
You die...
Your body crumbles into a pile of gold.

##.#.### #......## ### .....
##......###.## #..... ##
#....#.#.#...# #......
##.###..........######......
#....#....$...$[[#.##.......
###...$...$$.[[.[....#....$..
#.........$$)[[)[.)..........
.........$$.@..[..#)[.......#
#.....$....#...#[.......###
#...$$.....#...##[.....##.#
##$.o#######..###..........
#...$. #.## ##.........
#..#... ### ##........
#..$... ####..<.. ...#...
#..... ...o... #.....


You could see an orc knight.

Vanquished Creatures
  Kirke (Lair:6)
  Harold (D:9)
  Erolcha (D:12)
  9 hydras
  An anaconda (shapeshifter) (Lair:6)
  4 boulder beetles
  2 catoblepae
  Erica (D:10)
  A centaur warrior (D:10)
  3 two-headed ogres
  2 orc high priests (Orc:2)
  Urug (Lair:6)
  2 thrashing horrors (Lair:6)
  Nergalle (Lair:1)
  Sonja (Lair:4)
  A bog body (Lair:2)
  2 large abominations (Lair:6)
  An orc knight (Orc:2)
  A necromancer (Lair:6)
  3 deep elf pyromancers
  4 oklob plants (Lair:1)
  2 cyclopes
  6 ugly things
  A manticore (D:11)
  10 elephants
  A torpor snail (Lair:6)
  2 smoke demons (Lair:6)
  A black mamba (Lair:5)
  Maurice (D:12)
  A gargoyle (D:6)
  2 kobold demonologists (D:13)
  3 unseen horrors
  13 cane toads
  4 rime drakes
  10 komodo dragons
  Psyche (D:9)
  3 ancient zymes (Lair:6)
  A troll (shapeshifter) (D:12)
  3 polar bears
  4 trolls
  28 blink frogs
  11 slime creatures
  A vampire (D:12)
  3 shadows
  5 wraiths
  2 ynoxinuls (Lair:6)
  6 hogs (Lair:6)
  Eustachio (D:5)
  3 spriggans
  46 yaks
  2 wyverns
  4 basilisks
  4 steam dragons
  Menkaure (D:5)
  A chaos spawn (Lair:6)
  2 wargs (Orc:2)
  3 swamp worms (Lair:2)
  2 nagas (Lair:3)
  6 acid dragons
  4 vampire mosquitoes
  11 small abominations (Lair:6)
  Duvessa (D:5)
  16 water moccasins
  25 orc warriors
  2 necrophages
  3 black bears
  2 ice beasts
  5 ogres
  15 wolves
  3 centaurs
  A phantom (D:6)
  4 kobold brigands
  13 bullfrogs
  2 gnoll sergeants
  2 scorpions
  Dowan (D:5)
  9 killer bees
  11 wights
  3 electric eels
  5 howler monkeys
  A bullfrog zombie (D:7)
  3 centaur zombies
  2 hounds
  A gnoll shaman (D:9)
  25 orc priests
  3 iguanas (D:5)
  A scorpion zombie (D:5)
  19 orc wizards
  2 polar bear simulacra (Lair:6)
  4 yak simulacra (Lair:6)
  2 wolf simulacra (Lair:6)
  2 hound skeletons (D:5)
  10 gnolls
  4 adders
  An ufetubus (D:7)
  2 dart slugs
  54 orcs
  5 bats
  7 endoplasms
  3 giant cockroaches
  9 goblins
  4 hobgoblins
  12 jackals
  3 quokkas
  8 ball pythons
  A frilled lizard (D:2)
  22 kobolds
  4 rats
  3 river rat simulacra (Lair:6)
598 creatures vanquished.

Vanquished Creatures (others)
  620 foxfires
  55 fungi
  54 plants
729 creatures vanquished.

Grand Total: 1327 creatures vanquished

Notes
Turn   | Place    | Note
-------+----------+-------------------------------------------
     0 | D:1      | robertstho the Djinni Fire Elementalist began the quest for
                  | the Orb.
     0 | D:1      | Reached XP level 1. HP: 15/15 MP: 0/0
   596 | D:1      | Reached XP level 2. HP: 21/22 MP: 0/0
  1311 | D:1      | Reached skill level 3 in Spellcasting
  1580 | D:2      | Reached XP level 3. HP: 22/26 MP: 0/0
  1580 | D:2      | Learned a level 1 spell: Shock
  2931 | D:2      | Reached skill level 1 in Fighting
  2931 | D:2      | Reached XP level 4. HP: 28/32 MP: 0/0
  4186 | D:3      | Reached XP level 5. HP: 32/37 MP: 0/0
  4186 | D:3      | Learned a level 2 spell: Ensorcelled Hibernation
  4188 | D:3      | Reached skill level 4 in Spellcasting
  4756 | D:4      | Found a glowing silver altar of Zin.
  4945 | D:4      | Reached XP level 6. HP: 28/43 MP: 0/0
  5331 | D:4      | Found a shimmering altar of Xom.
  5586 | D:4      | Found Peido's Jewellery Shoppe.
  5900 | D:4      | Found a runed translucent door.
  5901 | D:4      | Noticed Crazy Yiuf
  6092 | D:5      | Entered Level 5 of the Dungeon
  6099 | D:5      | Reached skill level 5 in Spellcasting
  6099 | D:5      | Reached XP level 7. HP: 45/49 MP: 0/0
  6099 | D:5      | Learned a level 3 spell: Portal Projectile
  6394 | D:5      | Found a broken altar of Ashenzari.
  6397 | D:5      | Noticed Dowan
  6399 | D:5      | Noticed Duvessa
  6411 | D:5      | Killed Duvessa
  6416 | D:5      | Killed Dowan
  6767 | D:5      | Reached skill level 6 in Spellcasting
  6767 | D:5      | Reached XP level 8. HP: 51/55 MP: 0/0
  6807 | D:5      | Noticed Menkaure
  6811 | D:5      | Killed Menkaure
  7030 | D:5      | Noticed Eustachio
  7047 | D:5      | Killed Eustachio
  7308 | D:6      | Reached skill level 7 in Spellcasting
  7461 | D:6      | Noticed a gargoyle
  7473 | D:6      | Killed a gargoyle
  7474 | D:6      | Reached skill level 8 in Spellcasting
  7474 | D:6      | Reached XP level 9. HP: 30/62 MP: 0/0
  7474 | D:6      | Learned a level 3 spell: Stone Arrow
  7827 | D:6      | Found a staircase to the Ecumenical Temple.
  7851 | Temple   | Entered the Ecumenical Temple
  7891 | Temple   | Became a worshipper of Gozag Ym Sagoz the Greedy
  8254 | D:7      | Reached skill level 1 in Shields
  8472 | D:7      | Reached skill level 9 in Spellcasting
  9144 | D:7      | Reached XP level 10. HP: 49/68 MP: 0/0
  9366 | D:7      | Found a burning altar of Makhleb.
  9366 | D:7      | Found a sparkling altar of Nemelex Xobeh.
 10186 | D:8      | Reached skill level 10 in Spellcasting
 10808 | D:8      | Reached skill level 5 in Fighting
 10891 | D:8      | Found Dioriog's Serpentskin Sales.
 11416 | D:4      | Bought the ring "Xyatul" {rCorr EV+4} for 486 gold pieces
 11612 | D:9      | Reached skill level 1 in Long Blades
 11841 | D:9      | Noticed Psyche
 11844 | D:9      | Killed Psyche
 11845 | D:9      | Reached XP level 11. HP: 66/76 MP: 0/0
 11845 | D:9      | Learned a level 4 spell: Cause Fear
 12532 | D:9      | Noticed Harold
 12537 | D:9      | Killed Harold
 12538 | D:9      | Reached skill level 11 in Spellcasting
 13046 | D:9      | Noticed a cyan ugly thing
 13052 | D:9      | Killed a cyan ugly thing
 13501 | D:10     | Entered Level 10 of the Dungeon
 13694 | D:10     | Noticed Erica
 13697 | D:10     | Killed Erica
 13997 | D:10     | Found a staircase to the Orcish Mines.
 14488 | D:10     | Found a staircase to the Lair.
 14730 | D:10     | Noticed a two-headed ogre
 14736 | D:10     | Killed a two-headed ogre
 14816 | D:10     | Reached skill level 12 in Spellcasting
 14995 | D:11     | Noticed a centaur warrior
 15004 | D:10     | Killed a centaur warrior
 15006 | D:10     | Reached XP level 12. HP: 16/84 MP: 0/0
 15707 | D:11     | Noticed a two-headed ogre
 15712 | D:11     | Killed a two-headed ogre
 15714 | D:11     | Found Jenasiem's Book Shoppe.
 16241 | D:11     | Noticed a two-headed ogre
 16245 | D:11     | Killed a two-headed ogre
 16544 | D:12     | Noticed a boulder beetle
 16926 | D:12     | Killed a boulder beetle
 16927 | D:12     | Reached skill level 13 in Spellcasting
 17285 | D:12     | Noticed a five-headed hydra
 17289 | D:12     | Killed a five-headed hydra
 17381 | D:12     | Bought a scroll of identify for 22 gold pieces
 17381 | D:12     | Bought a scroll of identify for 22 gold pieces
 17381 | D:12     | Bought a scroll of teleportation for 33 gold pieces
 17381 | D:12     | Bought a scroll of identify for 22 gold pieces
 17381 | D:12     | Bought a scroll of teleportation for 33 gold pieces
 17472 | D:12     | Noticed a boulder beetle
 17476 | D:12     | Killed a boulder beetle
 17485 | D:12     | Noticed Maurice
 17489 | D:12     | Killed Maurice
 17941 | D:12     | Reached XP level 13. HP: 25/90 MP: 0/0
 17941 | D:12     | Learned a level 5 spell: Lee's Rapid Deconstruction
 18293 | D:12     | Noticed Erolcha
 18296 | D:12     | Killed Erolcha
 19025 | D:13     | Reached skill level 14 in Spellcasting
 19464 | D:13     | Noticed a catoblepas
 19467 | D:13     | Killed a catoblepas
 20023 | D:14     | Noticed a catoblepas
 20085 | D:14     | Noticed a vault guard
 20085 | D:14     | Noticed a vault guard
 20087 | D:14     | Noticed a vault guard
 20188 | Lair:1   | Entered Level 1 of the Lair of Beasts
 20198 | Lair:1   | Noticed Nergalle
 20206 | Lair:1   | Killed Nergalle
 20918 | Lair:1   | Noticed a catoblepas
 20928 | Lair:1   | Killed a catoblepas
 21228 | Lair:1   | Reached skill level 15 in Spellcasting
 21790 | Lair:1   | Reached XP level 14. HP: 88/98 MP: 0/0
 23593 | Lair:2   | Found a staircase to the Swamp.
 24499 | Lair:3   | Noticed Mrcawl's ghost (journeyman MfGl)
 24505 | Lair:3   | Found a transporter.
 24660 | Lair:3   | Found a staircase to the Snake Pit.
 24674 | Lair:3   | Found a transporter.
 24989 | Lair:3   | You are sucked into a shaft and drop 3 floors!
 24989 | Lair:6   | Entered Level 6 of the Lair of Beasts
 25542 | Lair:6   | Noticed Urug
 25566 | Lair:6   | Killed Urug
 25567 | Lair:6   | Reached skill level 16 in Spellcasting
 26436 | Lair:6   | Found a viscous altar of Jiyva.
 26445 | Lair:6   | Found a staircase to the Slime Pits.
 27196 | Lair:6   | Reached XP level 15. HP: 65/105 MP: 0/0
 27196 | Lair:6   | Learned a level 6 spell: Death Channel
 27201 | Lair:6   | Noticed Kirke
 27203 | Lair:6   | Identified the ring of Kefeli {Will+ Str+6 Int+4}
 27723 | Lair:5   | HP: 4/105 [four-headed hydra (12)]
 27725 | Lair:5   | Identified the +3 leather armour "Xarutixt" {rF++ Int+4
                  | Dex+3 Slay-2}
 30163 | Lair:3   | Reached skill level 17 in Spellcasting
 30431 | Lair:4   | Noticed Sonja
 30435 | Lair:4   | Killed Sonja
 32812 | Lair:6   | Killed Kirke
 33058 | Lair:6   | Reached skill level 10 in Fighting
 33174 | Lair:6   | Found a corrupted altar of Lugonu.
 33174 | Lair:6   | Found a one-way gate to the infinite horrors of the Abyss.
 33494 | Orc:1    | Entered Level 1 of the Orcish Mines
 33925 | Orc:2    | Entered Level 2 of the Orcish Mines
 33945 | Orc:2    | Found a staircase to the Elven Halls.
 34289 | Orc:2    | Reached skill level 1 in Evocations
 34631 | Orc:2    | Reached skill level 5 in Stealth
 34681 | Orc:2    | Reached XP level 16. HP: 51/113 MP: 0/0
 35470 | Orc:2    | HP: 1/113 [orc knight/bolt (28)]
 35479 | Orc:2    | Shot with a bolt by an orc knight

Illustrated notes

Levels and vault maps discovered:
D:1:      minmay_arrival_wavy_path, layout_loops_ring, minmay_misc_feat_hallway
D:2:      layout_basic, minmay_heptomino_l4
D:3:      layout_basic
D:4:      layout_basic, overflow_temple_1_default, tgw_xom, serial_shops,
          nicolae_shop_temple_entry_statues_fountains, uniq_crazy_yiuf_cottage
D:5:      layout_rooms, nicolae_ashenzari_skybound, uniq_eustachio,
          uniq_duvessa, uniq_menkaure
D:6:      layout_cave_pools, minmay_temple_entry_large_hall
D:7:      layout_loops_ring, amethyst_overflow_temple_binary
D:8:      layout_loops_cross, guppyfry_shop_venom
D:9:      layout_basic, fiery_altar_vehumet, kennysheep_generic_room_7,
          uniq_harold, uniq_psyche
D:10:     layout_roguey, lair_entry_dummy, orc_0_dummy,
          statue_in_the_mist_lemuel, uniq_erica
D:11:     layout_cave_pods, serial_shops, nicolae_diamond_shop, st_stairs_10
D:12:     minmay_curly_fans, layout_small_grid, uniq_erolcha, uniq_maurice
D:13:     layout_rooms
D:14:     layout_roguey [special_room_orc], erik_vaults_2,
          nicolae_shop_overcharged_wands, uniq_rupert, uniq_roxanne
Temple:   regret_index_temple_sphere_string
Lair:1:   layout_regular_city, basic_altar, minmay_lair_oklob_chamber,
          uniq_nergalle
Lair:2:   layout_cellular_growth, nicolae_swamp_entry_splash_gauntlet,
          st_stairs_4
Lair:3:   layout_chaotic_city, guppyfry_snake_entry_island,
          gammafunk_ghost_arena, st_stairs_9
Lair:4:   layout_roguey, lemuel_fruit_tree, uniq_sonja
Lair:5:   layout_loops_ring, grunt_forest_stairs_clearing, grunt_megastairs_3,
          infiniplex_staircase_pool
Lair:6:   hellmonk_lair_end_abyssal_woods, layout_layer_cave, slime_altar_1,
          chequers_serial_rivers_room_b, eino_house_with_fridge, uniq_urug,
          uniq_kirke
Orc:1:    layout_caves, basic_altar, serial_shops, shop
Orc:2:    st_orc_pillars, layout_diamond_mine

Skill      XL: |  1  2  3  4  5  6  7  8  9 10 11 12 13 14 15 |
---------------+----------------------------------------------+-----
Spellcasting   | 3 4 5 6 8 9 10 12 13 15 16 17 | 17.6
Fighting       | 1 2 3 4 5 6 7 8 9 10 | 10.1
Stealth        | 2 3 4 5 |  5.0
Dodging        | 3 4 |  4.9
Shields        | 1 2 |  2.5
Long Blades    | 1 2 3 |  3.7
Evocations     | 1 |  1.0

Action                   |  1- 3 |  4- 6 |  7- 9 | 10-12 | 13-15 | 16-18 || total
-------------------------+-------+-------+-------+-------+-------+-------++-------
Melee: Short sword       |       |     2 |       |       |       |       ||     2
       Dagger            |       |     3 |    28 |       |       |       ||    31
       Falchion          |       |       |     2 |    13 |       |       ||    15
       Demon blade       |       |       |       |       |     8 |       ||     8
 Cast: Foxfire           |   109 |   143 |   134 |       |       |       ||   386
       Sticky Flame      |       |     1 |    17 |    24 |    51 |       ||    93
       Fireball          |       |       |    14 |   170 |   401 |    38 ||   623
       Stone Arrow       |       |       |       |     7 |     7 |       ||    14
       Conjure Flame     |       |       |       |     1 |       |       ||     1
       Cause Fear        |       |       |       |     2 |       |       ||     2
       Lee's Rapid Decon |       |       |       |       |    21 |       ||    21
       Ensorcelled Hiber |       |       |       |       |     1 |       ||     1
Invok: Call Merchant     |       |       |       |     1 |       |       ||     1
       Bribe Branch      |       |       |       |       |       |     1 ||     1
Evoke: Wand              |       |       |       |     1 |     2 |       ||     3
       Lightning rod     |       |       |       |       |     1 |       ||     1
       Phantom mirror    |       |       |       |       |     1 |       ||     1
  Use: Scroll            |       |     6 |     2 |    10 |     7 |       ||    25
       Potion            |       |     1 |       |     3 |     3 |     3 ||    10
Armor: Robe              |     3 |    12 |     9 |     4 |    19 |       ||    47
Dodge: Dodged            |    15 |    32 |    26 |    29 |    71 |     3 ||   176
Block: Other             |       |       |    12 |    13 |    14 |     1 ||    40
       Reflection        |       |       |       |     1 |     1 |     1 ||     3
       Rpst.: Falchion   |       |       |       |     5 |       |       ||     5
       Demon blade       |       |       |       |       |    17 |       ||    17
